TOP OF THE 1ST |
Iowa State Cyclones batting - Pitching for Oregon Ducks : RHP Nathan Walters
|
Pitching: RHP Nathan Walters
|
|
Batting: RHB Kenny May
|
0-0: Ground out 4-3 (Groundball, 4M)
|
Batting: LHB Ash Carney
|
0-0: Swinging Strike 0-1: Called Strike 0-2: Ball 1-2: Strikes out looking
|
Batting: LHB Ramiro Muńóz
|
0-0: Ball 1-0: Foul Ball, location: 2F 1-1: Foul Ball, location: 2F 1-2: Strikes out swinging
|
Top of the 1st over - 0 run(s), 0 hit(s), 0 error(s), 0 left on base; Iowa State 0 - Oregon 0 |
BOTTOM OF THE 1ST |
Oregon Ducks batting - Pitching for Iowa State Cyclones : RHP Tim Hooper
|
Pitching: RHP Tim Hooper
|
|
Batting: RHB Ken Fingers
|
0-0: Ball 1-0: Ball 2-0: Ground out 2-3 (Groundball, 13S)
|
Batting: LHB José Hernández
|
0-0: Swinging Strike 0-1: Called Strike 0-2: Strikes out swinging
|
Batting: LHB Chris Hyde
|
0-0: Called Strike 0-1: Ball 1-1: Ground out 1-3 (Groundball, 15S)
|
Bottom of the 1st over - 0 run(s), 0 hit(s), 0 error(s), 0 left on base; Iowa State 0 - Oregon 0 |
TOP OF THE 2ND |
Iowa State Cyclones batting - Pitching for Oregon Ducks : RHP Nathan Walters
|
Batting: RHB Dan Morrison
|
0-0: Called Strike 0-1: Called Strike 0-2: Ball 1-2: Fly out, F6 (Popup, 6D)
|
Batting: RHB Jeff Bergeron
|
0-0: Foul Ball, location: 2F 0-1: SINGLE (Groundball, 13) (infield hit)
|
Batting: LHB Jerry Trent
|
0-0: Called Strike 0-1: Ball 1-1: Ball 2-1: Ball 3-1: SINGLE (Groundball, 4MD) Jeff Bergeron to second
|
Batting: RHB Fernando Garza
|
0-0: Swinging Strike 0-1: Called Strike 0-2: Strikes out looking
|
Batting: RHB Luke Cater
|
0-0: Ball 1-0: Foul Ball, location: 2F 1-1: Foul Ball, location: 2F 1-2: SINGLE (Line Drive, 8LS) Jeff Bergeron to third Jerry Trent to second
|
Batting: RHB Steve Burton
|
0-0: Foul Ball, location: 2F 0-1: Ball 1-1: Swinging Strike 1-2: SINGLE (Groundball, 34D) Jeff Bergeron scores Jerry Trent to third Luke Cater to second Runner from 3rd tries for Home, SAFE, no throw or cutoff
|
Batting: RHB Kenny May
|
0-0: Ball 1-0: Ball 2-0: Fly out, F9 (Popup, 34D)
|
Top of the 2nd over - 2 run(s), 4 hit(s), 0 error(s), 2 left on base; Iowa State 2 - Oregon 0 |
BOTTOM OF THE 2ND |
Oregon Ducks batting - Pitching for Iowa State Cyclones : RHP Tim Hooper
|
Batting: RHB Ricardo Salazar
|
0-0: Fly out, F6 (Popup, 6)
|
Batting: LHB Jorge Rivera
|
0-0: Called Strike 0-1: Fly out, F6 (Popup, 6D)
|
Batting: LHB José Román
|
0-0: Ball 1-0: Swinging Strike 1-1: Fly out, F2 (Popup, 23F)
|
Bottom of the 2nd over - 0 run(s), 0 hit(s), 0 error(s), 0 left on base; Iowa State 2 - Oregon 0 |
TOP OF THE 3RD |
Iowa State Cyclones batting - Pitching for Oregon Ducks : RHP Nathan Walters
|
Batting: LHB Ash Carney
|
0-0: Ball 1-0: Ball 2-0: Ball 3-0: Base on Balls
|
Batting: LHB Ramiro Muńóz
|
0-0: Called Strike 0-1: Ball 1-1: Swinging Strike 1-2: Ball 2-2: Ball 3-2: Hit by Pitch Ash Carney to second
|
Batting: RHB Dan Morrison
|
0-0: Ball 1-0: Grounds into double play, 6-4-3 (Groundball, 6) Ash Carney to third
|
Batting: RHB Jeff Bergeron
|
0-0: Ball 1-0: Foul Ball, location: 2F 1-1: Fly out, F4 (Popup, 4)
|
Top of the 3rd over - 0 run(s), 0 hit(s), 0 error(s), 1 left on base; Iowa State 2 - Oregon 0 |
BOTTOM OF THE 3RD |
Oregon Ducks batting - Pitching for Iowa State Cyclones : RHP Tim Hooper
|
Batting: RHB Jared Pass
|
0-0: Called Strike 0-1: Ball 1-1: Ground out 1-3 (Groundball, 15)
|
Batting: RHB Tom Cirilo
|
0-0: Ball 1-0: Called Strike 1-1: Ball 2-1: Ground out 6-3 (Groundball, 6)
|
Batting: RHB Bob Levinson
|
0-0: TRIPLE (Flyball, 89M)
|
Batting: RHB Ken Fingers
|
0-0: Ball 1-0: Ball 2-0: Ball 3-0: Called Strike 3-1: Ground out 5-3 (Groundball, 5S)
|
Bottom of the 3rd over - 0 run(s), 1 hit(s), 0 error(s), 1 left on base; Iowa State 2 - Oregon 0 |
TOP OF THE 4TH |
Iowa State Cyclones batting - Pitching for Oregon Ducks : RHP Nathan Walters
|
Batting: LHB Jerry Trent
|
0-0: Swinging Strike 0-1: Fly out, F8 (Flyball, 8RS)
|
Batting: RHB Fernando Garza
|
0-0: Called Strike 0-1: Swinging Strike 0-2: Strikes out swinging
|
Batting: RHB Luke Cater
|
0-0: Ball 1-0: Swinging Strike 1-1: Ball 2-1: Fly out, F9 (Flyball, 9LM)
|
Top of the 4th over - 0 run(s), 0 hit(s), 0 error(s), 0 left on base; Iowa State 2 - Oregon 0 |
BOTTOM OF THE 4TH |
Oregon Ducks batting - Pitching for Iowa State Cyclones : RHP Tim Hooper
|
Batting: LHB José Hernández
|
0-0: Ball 1-0: Called Strike 1-1: Swinging Strike 1-2: Ball 2-2: SINGLE (Groundball, 4MD)
|
Batting: LHB Chris Hyde
|
0-0: Ball 1-0: Called Strike 1-1: Ground out 4-3 (Groundball, 4MS) José Hernández to second
|
Batting: RHB Ricardo Salazar
|
0-0: Ball 1-0: Foul Ball, location: 2F 1-1: Ball 2-1: Foul Ball, location: 2F 2-2: Foul Ball, location: 2F 2-2: Ball 3-2: SINGLE (Groundball, 56D) (infield hit) José Hernández to third
|
Batting: LHB Jorge Rivera
|
0-0: Called Strike 0-1: SINGLE (Groundball, 5D) José Hernández scores Ricardo Salazar to second
|
Batting: LHB José Román
|
0-0: Called Strike 0-1: Foul Ball, location: 2F 0-2: DOUBLE (Line Drive, 8LM) Ricardo Salazar scores Jorge Rivera to third
|
Batting: RHB Jared Pass
|
0-0: Ball 1-0: Ball 2-0: Fly out, F8 (Flyball, 8LM)
|
Batting: RHB Tom Cirilo
|
0-0: Ball 1-0: Foul Ball, location: 2F 1-1: Foul Ball, location: 2F 1-2: Ball 2-2: Ball 3-2: Strikes out looking
|
Bottom of the 4th over - 2 run(s), 4 hit(s), 0 error(s), 2 left on base; Iowa State 2 - Oregon 2 |
TOP OF THE 5TH |
Iowa State Cyclones batting - Pitching for Oregon Ducks : RHP Nathan Walters
|
Batting: RHB Steve Burton
|
0-0: Ball 1-0: Ball 2-0: Swinging Strike 2-1: Swinging Strike 2-2: Ball 3-2: Strikes out swinging
|
Batting: RHB Kenny May
|
0-0: Called Strike 0-1: Swinging Strike 0-2: Foul Ball, location: 2F 0-2: Ball 1-2: Ball 2-2: Strikes out swinging, 2-3 out at first.
|
Batting: LHB Ash Carney
|
0-0: Ball 1-0: Ball 2-0: Ball 3-0: Base on Balls
|
Batting: LHB Ramiro Muńóz
|
0-0: Called Strike 0-1: Foul Ball, location: 2F 0-2: Ball 1-2: Ball 2-2: Ground out 4-3 (Groundball, 4)
|
Top of the 5th over - 0 run(s), 0 hit(s), 0 error(s), 1 left on base; Iowa State 2 - Oregon 2 |
BOTTOM OF THE 5TH |
Oregon Ducks batting - Pitching for Iowa State Cyclones : RHP Tim Hooper
|
Batting: RHB Bob Levinson
|
0-0: Ball 1-0: SINGLE (Line Drive, 8LS)
|
Batting: RHB Ken Fingers
|
0-0: Called Strike 0-1: Ball 1-1: Fly out, F7 (Flyball, 7M)
|
Batting: LHB José Hernández
|
0-0: Ball 1-0: Swinging Strike 1-1: Fielders Choice at 2nd, U6 (Groundball, 6M)
|
Batting: LHB Chris Hyde
|
0-0: Ball 1-0: Swinging Strike 1-1: Foul Ball, location: 2F 1-2: SINGLE (Groundball, 4MD) José Hernández to second Throwing error, E8 José Hernández scores Chris Hyde to second
|
Batting: RHB Ricardo Salazar
|
0-0: SINGLE (Groundball, 6D) Chris Hyde to third Runner from 3rd tries for Home, SAFE, no throw or cutoff
|
Batting: LHB Jorge Rivera
|
0-0: Ball 1-0: SINGLE (Line Drive, 4D) Ricardo Salazar to second
|
Batting: LHB José Román
|
0-0: Ball 1-0: Ball 2-0: Ball 3-0: Base on Balls Ricardo Salazar to third Jorge Rivera to second
|
Batting: RHB Jared Pass
|
0-0: Foul Ball, location: 2F 0-1: Called Strike 0-2: Ground out 4-3 (Groundball, 4)
|
Bottom of the 5th over - 2 run(s), 4 hit(s), 1 error(s), 3 left on base; Iowa State 2 - Oregon 4 |
TOP OF THE 6TH |
Iowa State Cyclones batting - Pitching for Oregon Ducks : RHP Nathan Walters
|
Batting: RHB Dan Morrison
|
0-0: Ball 1-0: Fly out, F9 (Flyball, 9M)
|
Pitching: RHP Kirby Johnson
|
|
Batting: RHB Jeff Bergeron
|
0-0: Ball 1-0: Ball 2-0: Ball 3-0: Called Strike 3-1: Base on Balls
|
Batting: LHB Jerry Trent
|
0-0: Foul Ball, location: 2F 0-1: Ball 1-1: Fielders Choice at 2nd, 3-6 (Groundball, 34)
|
Batting: RHB Fernando Garza
|
0-0: Called Strike 0-1: Swinging Strike 0-2: Ball 1-2: Ball 2-2: Ground out 5-3 (Groundball, 5)
|
Top of the 6th over - 0 run(s), 0 hit(s), 0 error(s), 1 left on base; Iowa State 2 - Oregon 4 |
BOTTOM OF THE 6TH |
Oregon Ducks batting - Pitching for Iowa State Cyclones : RHP Tim Hooper
|
Batting: RHB Tom Cirilo
|
0-0: Ball 1-0: Called Strike 1-1: Ball 2-1: Called Strike 2-2: Strikes out swinging
|
Pitching: LHP Sergio Román
|
|
Batting: RHB Bob Levinson
|
0-0: Ball 1-0: Ball 2-0: Ball 3-0: Called Strike 3-1: Base on Balls
|
Batting: RHB Ken Fingers
|
0-0: Grounds into double play, 5-4-3 (Groundball, 5)
|
Bottom of the 6th over - 0 run(s), 0 hit(s), 0 error(s), 0 left on base; Iowa State 2 - Oregon 4 |
TOP OF THE 7TH |
Iowa State Cyclones batting - Pitching for Oregon Ducks : RHP Kirby Johnson
|
Batting: RHB Luke Cater
|
0-0: Called Strike 0-1: Swinging Strike 0-2: Strikes out looking
|
Batting: RHB Steve Burton
|
0-0: Ball 1-0: Ball 2-0: Called Strike 2-1: Ball 3-1: Base on Balls
|
Batting: RHB Kenny May
|
0-0: Ball 1-0: Foul Ball, location: 2F 1-1: Called Strike 1-2: Ball 2-2: Strikes out swinging
|
Batting: LHB Ash Carney
|
0-0: Ball 1-0: Ball 2-0: Foul Ball, location: 2F 2-1: Foul Ball, location: 2F 2-2: Ball 3-2: Foul Ball, location: 2F 3-2: Fly out, F7 (Flyball, 78M)
|
Top of the 7th over - 0 run(s), 0 hit(s), 0 error(s), 1 left on base; Iowa State 2 - Oregon 4 |
BOTTOM OF THE 7TH |
Oregon Ducks batting - Pitching for Iowa State Cyclones : LHP Sergio Román
|
Batting: LHB José Hernández
|
0-0: Called Strike 0-1: Ball 1-1: Swinging Strike 1-2: Ball 2-2: Ball 3-2: Foul Ball, location: 2F 3-2: Foul Ball, location: 2F 3-2: Base on Balls
|
Batting: LHB Chris Hyde
|
0-0: Called Strike 0-1: Ball 1-1: Ball 2-1: Swinging Strike 2-2: Ball 3-2: Base on Balls José Hernández to second
|
Batting: RHB Ricardo Salazar
|
0-0: Ball 1-0: Ball 2-0: SINGLE (Line Drive, 56D) José Hernández to third Chris Hyde to second
|
Batting: LHB Jorge Rivera
|
0-0: Ball 1-0: Swinging Strike 1-1: Ball Wild Pitch! José Hernández scores Chris Hyde to third Ricardo Salazar to second 2-1: Intentional Walk
|
Pinch Hitting: RHB Tony Cabrera
|
0-0: Called Strike 0-1: Foul Ball, location: 2F 0-2: Ball 1-2: Foul Ball, location: 2F 1-2: Grounds into fielders choice 5-2 (Groundball, 5) Ricardo Salazar to third Jorge Rivera to second
|
Batting: RHB Jared Pass
|
0-0: Swinging Strike 0-1: Swinging Strike 0-2: Ball 1-2: Ball 2-2: Strikes out looking
|
Batting: RHB Tom Cirilo
|
0-0: Foul Ball, location: 2F 0-1: Ball 1-1: Fly out, F2 (Popup, 2LF)
|
Bottom of the 7th over - 1 run(s), 1 hit(s), 0 error(s), 3 left on base; Iowa State 2 - Oregon 5 |
TOP OF THE 8TH |
Iowa State Cyclones batting - Pitching for Oregon Ducks : RHP Kirby Johnson
|
Now in RF: Joey Boyd
|
|
Batting: LHB Ramiro Muńóz
|
0-0: Ball 1-0: Foul Ball, location: 2F 1-1: Foul Ball, location: 2F 1-2: Ball 2-2: Ball 3-2: Base on Balls
|
Pitching: RHP Gilbert Bright
|
|
Batting: RHB Dan Morrison
|
0-0: Swinging Strike 0-1: Ball 1-1: Swinging Strike 1-2: Strikes out swinging
|
Pitching: RHP Paul Hernández
|
|
Batting: RHB Jeff Bergeron
|
0-0: SINGLE (Popup, 15) Ramiro Muńóz to second
|
Pitching: LHP Homer Bryan
|
|
Batting: LHB Jerry Trent
|
0-0: Ball 1-0: Foul Ball, location: 2F 1-1: Ball 2-1: Called Strike 2-2: Ball 3-2: Strikes out swinging
|
Pitching: RHP Bill Peterson
|
|
Batting: RHB Fernando Garza
|
0-0: Ball 1-0: Swinging Strike 1-1: Swinging Strike 1-2: Foul Ball, location: 2F 1-2: Ball 2-2: Strikes out swinging
|
Top of the 8th over - 0 run(s), 1 hit(s), 0 error(s), 2 left on base; Iowa State 2 - Oregon 5 |
BOTTOM OF THE 8TH |
Oregon Ducks batting - Pitching for Iowa State Cyclones : LHP Sergio Román
|
Batting: RHB Bob Levinson
|
0-0: Ball 1-0: Ball 2-0: Called Strike 2-1: Foul Ball, location: 2F 2-2: Ground out 5-3 (Groundball, 5S)
|
Pitching: RHP Kyle Rumbolt
|
|
Batting: RHB Ken Fingers
|
0-0: Ball 1-0: Called Strike 1-1: Foul Ball, location: 2F 1-2: Ball 2-2: Fly out, F8 (Flyball, 8LM)
|
Batting: LHB José Hernández
|
0-0: Foul Ball, location: 2F 0-1: Fly out, F8 (Flyball, 8RM)
|
Bottom of the 8th over - 0 run(s), 0 hit(s), 0 error(s), 0 left on base; Iowa State 2 - Oregon 5 |
TOP OF THE 9TH |
Iowa State Cyclones batting - Pitching for Oregon Ducks : RHP Bill Peterson
|
Pitching: RHP Edward Long
|
|
Batting: RHB Luke Cater
|
0-0: Called Strike 0-1: Ball 1-1: Called Strike 1-2: Strikes out looking
|
Batting: RHB Steve Burton
|
0-0: Called Strike 0-1: Ball 1-1: Ball Single, Error in OF, E8, batter to second base
|
Batting: RHB Kenny May
|
0-0: Called Strike 0-1: Swinging Strike 0-2: Strikes out swinging
|
Batting: LHB Ash Carney
|
0-0: Ball 1-0: Foul Ball, location: 2F 1-1: Foul Ball, location: 2F 1-2: Strikes out looking
|
Top of the 9th over - 0 run(s), 1 hit(s), 1 error(s), 1 left on base; Iowa State 2 - Oregon 5 |
|